 Dungeon Crawl Stone Soup version 0.14-a0-2474-g7d54a28 (webtiles) character file.

3636 Sabsy the Martial Artist (level 9, -11/70 HPs)
             Began as a Minotaur Monk on Feb 7, 2014.
             Was a Priest of Dithmengos.
             Mangled by an orc knight
             ... wielding a +2,+2 halberd of electrocution
              (15 damage)
             ... in a bailey on Feb 8, 2014.
             The game lasted 00:37:00 (8952 turns).

Sabsy the Martial Artist (Minotaur Monk)            Turns: 8952, Time: 00:37:00

HP -11/70        AC  5     Str 15      XL: 9   Next: 61%
MP   4/4         EV 24     Int  7      God: Dithmengos [***...]
Gold 512         SH  0     Dex 22      Spells:  0 memorised,  8 levels left

rFire  . . .     SeeInvis .       - Unarmed
rCold  . . .     Clarity  .     a - +0 robe
rNeg   . . .     Conserve .     (no shield)
rPois  .         rCorr    .     (helmet restricted)
rElec  .         rRot     .     l - +0 cloak
SustAb + .       Spirit   .     (no gloves)
rMut   .         Warding  .     o - +1 pair of orc boots (curse)
Saprov . . .     Stasis   .     (no amulet)
MR     .....                    y - ring of sustain abilities
                                d - ring of sustenance

@: agile, studying Crossbows, very slightly contaminated, hasted, wreathed by
umbra, very quick, not resistant to hostile enchantments, extraordinarily
stealthy
A: retaliatory headbutt, horns 2
a: Shadow Step, Renounce Religion


You were in a bailey.
You worshipped Dithmengos.
Dithmengos was most pleased with you.
You were not hungry.

You visited 2 branches of the dungeon, and saw 9 of its levels.
You also visited: Sewer and Bailey.

You collected 512 gold pieces.

Inventory:

Missiles
 h - 62 tomahawks of returning (quivered)
Armour
 a - a +0 robe (worn)
 l - a +0 cloak (worn)
 o - a cursed +1 pair of orcish boots (worn)
Magical devices
 v - a wand of digging (10)
 z - a wand of polymorph (2)
Comestibles
 b - 7 bread rations
 G - a meat ration
 L - 18 cheeses
 N - a pear
Scrolls
 e - 2 scrolls of recharging
 g - a scroll of curse jewellery {unknown}
 i - 9 scrolls of teleportation
 j - 2 scrolls of remove curse
 k - 2 scrolls of enchant weapon II
 p - 2 scrolls of noise {unknown}
 r - a scroll of fear
 s - a scroll of enchant armour
 w - a scroll of amnesia
 x - a scroll of summoning {unknown}
 D - a scroll of blinking
 I - a scroll of identify
 K - a scroll of fog
Jewellery
 d - a ring of sustenance (left hand)
 y - a ring of sustain abilities (right hand)
 O - an uncursed ring of ice
Potions
 f - a potion of agility
 m - a potion of magic {unknown}
 n - 2 potions of mutation
 q - 2 potions of might
 C - a potion of flight
 E - a potion of restore abilities {unknown}
 H - a potion of brilliance {unknown}
 J - a potion of resistance {unknown}
 M - a potion of confusion {unknown}
Books
 c - a book of Hinderance

   Spells                             Type                      Level
   Confusing Touch                    Hexes                        1
   Slow                               Hexes                        2
   Confuse                            Hexes                        3
   Petrify                            Transmutation/Earth          4
   Leda's Liquefaction                Hexes/Earth                  4
   Metabolic Englaciation             Hexes/Ice                    6
 A - a manual of Crossbows


   Skills:
 - Level 3.6 Fighting
 + Level 7.3 Dodging
 + Level 6.9 Stealth
 - Level 11.2 Unarmed Combat


You had 8 spell levels left.
You didn't know any spells.

Dungeon Overview and Level Annotations

Branches:
Dungeon (8/16)             Temple (1/1) D:4            Lair (0/8) D:8

Altars:
Ashenzari
Cheibriados
Dithmengos
Elyvilon
Kikubaaqudgha
Nemelex Xobeh
Okawaru
Sif Muna
Trog
Vehumet
Yredelemnul
Zin
The Shining One

Annotations:
D:7 Gorice's ghost, experienced TeFi


Innate Abilities, Weirdness & Mutations

You reflexively headbutt those who attack you in melee.
You have a pair of horns on your head.


Message History

The orc knight hits you with a halberd of electrocution!
You hit the orc knight.
The orc knight is heavily wounded.
The orc knight barely misses you.
You hit the orc knight.
The orc knight is heavily wounded.
You closely miss the orc knight.
The orc knight is heavily wounded.
The orc knight misses you. You furiously retaliate!
You headbutt the orc knight, but do no damage.
You punch the orc knight!
The orc knight is severely wounded.
The orc knight hits you with a halberd of electrocution!
You are electrocuted!
* * * LOW HITPOINT WARNING * * *
Drink which item? (? for menu, Esc to quit)
You feel yourself speed up.
You are very lightly contaminated with residual magic.
The orc knight hits you from afar with a halberd of electrocution!
You die...

##'##'###'##'##'#
.....## ##.%%..#
.(...#####..%..###
..∩..'.#.'..%).'.#
..%%.#####.....###
.....## ##....)##
##'##+###'##'##'##
##.###)#.###.###.#
### ##### ### #@#
#g#.# #.###.# #g#
#'##'##o## .g#
#..(..## .K.
###..g..### .
#.'.)⌠..'.#
###.)...###
#.....# #'##'##'#


You could see an orc knight.

Vanquished Creatures
  A two-headed ogre (D:8)
  A steam dragon (D:8)
  Eustachio (D:7)
  A hippogriff (D:6)
  3 phantoms
  3 centaurs
  4 ogres
  A giant slug (Sewer)
  2 giant frogs (D:7)
  Blork the orc (D:7)
  A killer bee (D:5)
  5 crimson imps
  A jelly (D:5)
  A big fish (D:5)
  2 orc priests
  4 orc wizards
  An orange rat (D:7)
  2 scorpions
  4 hounds
  5 worker ants
  4 iguanas
  An ogre skeleton (D:5)
  Terence (D:3)
  A mummy (D:8)
  11 gnolls
  13 adders
  4 green rats
  3 worms
  An orc zombie (D:5)
  A giant eyeball (D:4)
  4 giant geckos
  An ooze (D:3)
  22 orcs
  3 ball pythons
  6 giant cockroaches
  22 goblins
  4 grey rats (D:7)
  13 hobgoblins
  16 jackals
  2 quokkas
  12 bats
  3 giant newts
  18 kobolds
  4 orc skeletons
  21 rats
235 creatures vanquished.

Vanquished Creatures (others)
  4 toadstools (D:1)
4 creatures vanquished.

Grand Total: 239 creatures vanquished

Notes
Turn   | Place    | Note
--------------------------------------------------------------
     0 | D:1      | Sabsy, the Minotaur Monk, began the quest for the Orb.
     0 | D:1      | Reached XP level 1. HP: 19/19 MP: 1/1
   310 | D:1      | Reached XP level 2. HP: 19/26 MP: 1/1
   948 | D:2      | Reached skill level 5 in Unarmed Combat
   948 | D:2      | Reached XP level 3. HP: 13/31 MP: 2/2
  1442 | D:2      | Found an ancient bone altar of Kikubaaqudgha.
  1549 | D:2      | Found a sparkling altar of Nemelex Xobeh.
  1549 | D:2      | Found a deep blue altar of Sif Muna.
  1550 | D:2      | Found a glowing golden altar of the Shining One.
  2192 | D:3      | Reached XP level 4. HP: 37/39 MP: 2/2
  2797 | D:3      | Reached skill level 5 in Dodging
  2973 | D:3      | Noticed Terence
  2987 | D:3      | Killed Terence
  2987 | D:3      | Reached XP level 5. HP: 30/45 MP: 2/2
  3364 | D:4      | Paralysed by a giant eyeball for 3 turns
  3371 | D:4      | Paralysed by a giant eyeball for 4 turns
  3387 | D:4      | Reached skill level 6 in Unarmed Combat
  3617 | D:4      | Found a staircase to the Ecumenical Temple.
  3630 | D:4      | Noticed an ogre
  3638 | Temple   | Entered the Ecumenical Temple
  3749 | Temple   | Became a worshipper of Dithmengos
  3749 | Temple   | Acquired Dithmengos' first power
  3827 | D:4      | Killed an ogre
  3827 | D:4      | Reached XP level 6. HP: 51/51 MP: 3/3
  4133 | D:4      | Reached skill level 7 in Unarmed Combat
  4545 | D:5      | Entered Level 5 of the Dungeon
  4572 | D:5      | Reached XP level 7. HP: 40/57 MP: 3/3
  4672 | D:5      | Found a glowing drain.
  4680 | D:5      | Reached skill level 8 in Unarmed Combat
  4688 | Sewer    | Entered a sewer
  5255 | D:5      | Reached skill level 9 in Unarmed Combat
  5721 | D:5      | Reached XP level 8. HP: 55/64 MP: 3/3
  6218 | D:6      | Reached skill level 10 in Unarmed Combat
  6986 | D:7      | Noticed Blork the orc
  6998 | D:7      | Killed Blork the orc
  7137 | D:7      | Reached skill level 5 in Stealth
  7423 | D:7      | Acquired Dithmengos' second power
  7430 | D:7      | Reached skill level 11 in Unarmed Combat
  7722 | D:7      | Noticed Gorice's ghost (experienced TeFi)
  7776 | D:6      | Upgraded the game from 0.14-a0-2443-g5aee772 to 0.14-a0-2474-g7d54a28
  7832 | D:7      | Noticed a cyclops
  7834 | D:7      | Noticed Eustachio
  7861 | D:8      | Reached XP level 9. HP: 70/70 MP: 4/4
  7884 | D:8      | Found a white marble altar of Elyvilon.
  7895 | D:8      | Noticed a fire drake
  7896 | D:8      | Found a staircase to the Lair.
  8188 | D:7      | Killed Eustachio
  8388 | D:8      | Noticed a two-headed ogre
  8404 | D:8      | Killed a two-headed ogre
  8722 | D:8      | Found a flagged portal.
  8732 | Bailey   | Entered a bailey
  8904 | Bailey   | Noticed an orc knight
  8952 | Bailey   | Mangled by an orc knight

Action                   |  1- 3 |  4- 6 |  7- 9 || total
-------------------------+-------+-------+-------++-------
Melee: Unarmed           |    87 |   206 |   379 ||   672
Invok: Shadow Step       |       |       |     1 ||     1
Evoke: Wand              |       |     4 |     1 ||     5
  Use: Scroll            |       |     6 |    14 ||    20
       Potion            |       |       |     9 ||     9
 Stab: Sleeping          |     3 |     8 |    16 ||    27
       Distracted        |       |       |     6 ||     6
       Invisible         |       |       |     4 ||     4
